 Dungeon Crawl Stone Soup version 0.28-a0-8-g6e044cfa68 (webtiles) character file.

Game seed: 17327527627578724008

256 Mesmaeker13 the Magician (level 5, -2/28 HPs)
             Began as a Deep Elf Fire Elementalist on July 23, 2021.
             Slain by a water moccasin (7 damage)
             ... on level 6 of the Dungeon.
             The game lasted 00:04:17 (3109 turns).

Mesmaeker13 the Magician (DEFE)                     Turns: 3109, Time: 00:04:18

Health: -2/28      AC:  8    Str:  5    XL:     5   Next: 92%
Magic:  14/14      EV: 13    Int: 21    God:
Gold:   150        SH:  0    Dex: 15    Spells: 8/13 levels left

rFire   . . .      SeeInvis .   h - +0 spear (spect)
rCold   . . .      Faith    .   (no shield)
rNeg    . . .      Spirit   .   k - +1 animal skin
rPois   .          Reflect  .   l - +0 helmet
rElec   .          Harm     .   (no cloak)
rCorr   .          Rampage  .   (no gloves)
Will    .....                   (no boots)
Stlth   ++........              (no amulet)
HPRegen 0.09/turn               b - +4 ring of protection
MPRegen 0.14/turn               (no ring)

@: lethally poisoned (-2 -> -11), very slightly contaminated, invisible
A: no striking features
a: no special abilities


You were on level 6 of the Dungeon.
You visited 1 branch of the dungeon, and saw 4 of its levels.

You collected 150 gold pieces.

Inventory:

Hand Weapons
 c - a +0 dagger
 h - a +0 spectral spear (weapon)
 j - a +2 vorpal mace
Armour
 k - a +1 animal skin (worn)
 l - a +0 helmet (worn)
Magical Staves
 e - a staff of death
Jewellery
 b - a +4 ring of protection (left hand)
Potions
 d - 2 potions of invisibility
 m - a potion of attraction {unknown}


   Skills:
 + Level 4.2 Dodging
 - Level 2.4 Stealth
 + Level 4.8 Spellcasting
 + Level 3.2 Conjurations
 + Level 4.6 Fire Magic


You had 8 spell levels left.
You knew the following spells:

 Your Spells              Type           Power      Damage    Failure   Level
a - Foxfire               Conj/Fire      84%        2x1d8     2%          1
b - Sticky Flame          Conj/Fire      21%        2d4       22%         4

Your spell library contained the following spells:

 Spells                   Type           Power      Damage    Failure   Level
 Conjure Flame            Conj/Fire      21%        6-21      6%          3
 Inner Flame              Hex/Fire       14%        N/A       13%         3
 Fireball                 Conj/Fire      10%        3d6       52%         5


Dungeon Overview and Level Annotations

Branches:
Dungeon (3/15)

Altars:
Hepliaklqana

Annotations:
D:3 Natasha


Message History

Aim: a water moccasin (100% to hit)
You miscast Sticky Flame.
Nothing appears to happen.
The water moccasin bites you but does no damage.
The water moccasin misses you.
Unknown command.
A phantom comes into view.
The water moccasin completely misses you.
The water moccasin barely misses you. The water moccasin bites you.
The phantom hits you but does no damage.
The water moccasin bites you.
Things that are here:
a +0 hand axe; a +0 ring mail
Found a stone staircase leading up.
The water moccasin bites you.
You are poisoned.
The water moccasin poisons you!
You aren't carrying any scrolls.
Unknown command.
You aren't carrying any scrolls.
Unknown command.
You feel much better.
You feel very sick. The water moccasin barely misses you.
It was a potion of invisibility.
You fade into invisibility!
You feel sick. The water moccasin barely misses you.
The water moccasin bites you.
You are lethally poisoned!
The water moccasin poisons you!
Okay, then.
You feel very sick.
You feel very sick. The water moccasin misses you.
* * * LOW HITPOINT WARNING * * *
You feel very sick.
It was a potion of magic.
Magic courses through your body.
* * * LOW HITPOINT WARNING * * *
You feel sick. The water moccasin bites you!
You die...

... ... .. .. .###
..# #.# #@# #S# #
#.########## ...
#W#........#
.....#.#........#
........)........#
.................#
...>..........$..#
<..................#


You could see a phantom (wandering) and a water moccasin.

Vanquished Creatures
  Purgy (D:3)
  A centaur zombie (D:6)
  Natasha (D:3)
  Robin (D:2)
  3 adders
  A worm (D:2)
  6 orcs
  3 ball pythons
  3 endoplasms
  3 giant cockroaches
  14 goblins
  2 hobgoblins
  7 jackals (D:1)
  A quokka (D:2)
  2 bats
  4 frilled lizards
  2 kobolds (D:2)
  A rat (D:1)
56 creatures vanquished.

Vanquished Creatures (others)
  155 foxfires
155 creatures vanquished.

Grand Total: 211 creatures vanquished

Notes
Turn   | Place    | Note
-------+----------+-------------------------------------------
     0 | D:1      | Mesmaeker13 the Deep Elf Fire Elementalist began the quest
                  | for the Orb.
     0 | D:1      | Reached XP level 1. HP: 10/10 MP: 6/6
   447 | D:1      | Reached XP level 2. HP: 15/15 MP: 4/8
  1553 | D:2      | Found a faded altar of an unknown god.
  1563 | D:2      | Found a hazy altar of Hepliaklqana.
  1580 | D:2      | Reached XP level 3. HP: 5/19 MP: 5/10
  1900 | D:2      | Noticed Robin
  1906 | D:2      | Killed Robin
  2182 | D:2      | Reached XP level 4. HP: 24/24 MP: 8/11
  2590 | D:3      | Learned a level 4 spell: Sticky Flame
  2593 | D:3      | Noticed Purgy
  2621 | D:3      | Killed Purgy
  2622 | D:3      | Reached XP level 5. HP: 26/28 MP: 4/13
  2727 | D:3      | Noticed Natasha
  2738 | D:3      | Killed Natasha
  2975 | D:3      | Noticed Natasha
  3078 | D:3      | You fall into a shaft and drop 3 floors!
  3079 | D:6      | Noticed a water moccasin
  3099 | D:6      | Noticed a phantom
  3109 | D:6      | Slain by a water moccasin

Illustrated notes

Levels and vault maps discovered:
D:1:      heliophobic_arrival_battle_scene, layout_basic
D:2:      layout_loops_ring, hellmonk_ecumenical_altar_run_dry, basic_altar,
          uniq_robin
D:3:      layout_rooms, uniq_purgy, uniq_natasha
D:6:      layout_rooms, temple_pool_b, uniq_duvessa

Skill      XL: |  1  2  3  4  5 |
---------------+----------------+-----
Dodging        | 3 4 |  4.2
Conjurations   | 2 3 |  3.2
Spellcasting   | 4 |  4.8
Fire Magic     | 4 |  4.6
Stealth        | |  2.4

Action                   |  1- 3 |  4- 6 || total
-------------------------+-------+-------++-------
Melee: Dagger            |     5 |       ||     5
 Cast: Foxfire           |    68 |    27 ||    95
       Sticky Flame      |       |     3 ||     3
  Use: Potion            |       |     3 ||     3
       Scroll            |       |     2 ||     2
Armor: Robe              |     5 |       ||     5
       Animal skin       |       |    14 ||    14
Dodge: Dodged            |    33 |    15 ||    48

Table legend: (Time is in decaauts)
 A = Elapsed time spent in this place.
 B = Non-inter-level travel time spent in this place.
 C = Inter-level travel time spent in this place.
 D = Time resting spent in this place.
 E = Time spent auto-exploring this place.
 F = Levels seen in this place.
 G = Mean time per level.
                   A        B        C        D        E       F      G
               +--------+--------+--------+--------+--------+-----+--------+
         Total |   3106 |   3030 |     76 |    603 |   1934 |   4 |  776.5 |
       Dungeon |   3106 |   3030 |     76 |    603 |   1934 |   4 |  776.5 |
               +--------+--------+--------+--------+--------+-----+--------+

Top non-repeatable levels by time:
     D:1: 1332 daAuts
     D:2: 1224 daAuts
     D:3: 518 daAuts
     D:6: 30 daAuts
